 Dungeon Crawl Stone Soup version 0.29.1-12-g30fa7ad0bf (webtiles) character file.

Game seed: 9305378937950854785

64 CaptainMV the Trooper (level 3, 0/30 HPs)
             Began as a Demonspawn Wanderer on Dec 24, 2022.
             Succumbed to an adder's poison
             ... on level 2 of the Dungeon.
             The game lasted 00:07:24 (837 turns).

CaptainMV the Trooper (Demonspawn Wanderer)          Turns: 837, Time: 00:07:24

Health: 0/30       AC:  3    Str:  9    XL:     3   Next: 91%
Magic:  4/4        EV: 13    Int: 14    God:
Gold:   43         SH:  0    Dex: 16    Spells: 3/4 levels left

rFire   . . .      SeeInvis .   a - +2 quarterstaff
rCold   . . .      Faith    .   (shield currently unavailable)
rNeg    . . .      Spirit   .   d - +0 robe
rPois   .          Reflect  .   (helmet restricted)
rElec   .          Harm     .   (no cloak)
rCorr   .          Rampage  .   b - +0 pair of gloves
Will    .....                   (no boots)
Stlth   ++........              (no amulet)
HPRegen 0.10/turn               (no ring)
MPRegen 0.09/turn               (no ring)

@: lethally poisoned (0 -> -1), flying
A: antennae 1, repulsion field 1
a: no special abilities


You were on level 2 of the Dungeon.
You visited 1 branch of the dungeon, and saw 2 of its levels.

You collected 43 gold pieces.

Inventory:

Hand Weapons
 a - a +2 quarterstaff (weapon)
Missiles
 g - 5 boomerangs (quivered)
Armour
 b - a +0 pair of gloves (worn)
 d - a +0 robe (worn)
Scrolls
 f - 4 scrolls of identify {unknown}
 h - 2 scrolls of immolation {unknown}
 i - a scroll of teleportation {unknown}
 j - a scroll of noise {unknown}
 l - a scroll of enchant weapon {unknown}
Potions
 c - a potion of berserk rage


   Skills:
 + Level 3.7 Fighting
 + Level 2.9 Staves
 + Level 0.1 Throwing
 + Level 0.3 Dodging
 + Level 1.1 Stealth
 + Level 1.2 Spellcasting
 + Level 2.4 Necromancy
 + Level 1.0 Evocations


You had 3 spell levels left.
You knew the following spells:

 Your Spells              Type           Power      Damage    Failure   Level
a - Necrotise             Necr           28%        1d5       10%         1

Your spell library contained the following spells:

 Spells                   Type           Power      Damage    Failure   Level
 Vampiric Draining        Necr           7%         2d6       28%         3


Dungeon Overview and Level Annotations

Branches:
Dungeon (2/15)

Altars:

Annotations:
D:2 Natasha


Innate Abilities, Weirdness & Mutations

You have a pair of small antennae on your head.
You are surrounded by a mild repulsion field. (EV +2)


Message History

The adder bites you but does no damage. The adder barely misses you.
You barely miss the adder.
The adder is severely wounded.
You feel sick. The adder barely misses you.
You closely miss the adder.
The adder is severely wounded.
You feel sick. The adder bites you.
You are lethally poisoned!
The adder poisons you! The adder misses you.
You sock the adder!
You kill the adder!
* * * LOW HITPOINT WARNING * * *
You feel very sick.
There is a lethal amount of poison in your body!
Unknown command.
It was a potion of might.
You feel very mighty all of a sudden.
* * * LOW HITPOINT WARNING * * *
You feel sick.
It was a potion of cancellation.
Your magical effects are unravelling.
You feel magically purged.
You feel a little less mighty now.
* * * LOW HITPOINT WARNING * * *
You feel sick.
It was a potion of flight.
You feel very buoyant.
You fly up into the air.
* * * LOW HITPOINT WARNING * * *
You feel sick.
* * * LOW HITPOINT WARNING * * *
You feel sick.
* * * LOW HITPOINT WARNING * * *
You feel sick.
An adder comes into view.
* * * LOW HITPOINT WARNING * * *
You feel sick.
Natasha hisses angrily.
The adder hisses angrily.
Natasha casts a spell.
You die...

##..)..)...#..#
#.......#..#..###
#########......... .###
#.......#####..###
..... #.......# #..#
...5. #.......#####..#
...h #.......#......#
####.S##.........####.#
.......#@######### #.#
#.......# #.#
#.##..#..# #.#
#.###.... #.# #. .####
#.# ... ## #.#
#..>..###########.#
#..............†..#
......###.#########


There were no monsters in sight!

Vanquished Creatures
  Natasha (D:2)
  An adder (D:2)
  A worm (D:2)
  2 dart slugs (D:1)
  5 endoplasms
  2 giant cockroaches (D:1)
  A goblin (D:2)
  2 hobgoblins (D:1)
  A quokka (D:1)
  2 ball pythons (D:1)
  2 bats (D:1)
  A frilled lizard (D:2)
  A kobold (D:1)
  3 rats (D:1)
25 creatures vanquished.

Vanquished Creatures (others)
  A plant (D:1)
1 creature vanquished.

Grand Total: 26 creatures vanquished

Notes
Turn   | Place    | Note
-------+----------+-------------------------------------------
     0 | D:1      | CaptainMV the Demonspawn Wanderer began the quest for the
                  | Orb.
     0 | D:1      | CaptainMV set off with the following items: a +2
                  | quarterstaff, a +0 pair of gloves, a potion of berserk
                  | rage, a +0 robe; and the following spell memorised:
                  | Necrotise; and the following spells available to memorise:
                  | Vampiric Draining.
     0 | D:1      | Reached XP level 1. HP: 18/18 MP: 2/2
   131 | D:1      | Gained mutation: You are surrounded by a mild repulsion
                  | field. (EV +2) [demonic ancestry]
   131 | D:1      | Reached XP level 2. HP: 18/24 MP: 3/3
   583 | D:2      | Gained mutation: You have a pair of small antennae on your
                  | head. [demonic ancestry]
   583 | D:2      | Reached XP level 3. HP: 29/29 MP: 4/4
   606 | D:2      | Noticed Natasha
   627 | D:2      | Killed Natasha
   799 | D:2      | Noticed Natasha
   836 | D:2      | HP: 1/30 [poisoned by an adder]
   837 | D:2      | Succumbed to an adder's poison

Illustrated notes

Levels and vault maps discovered:
D:1:      spicycebolla_arrival_clurvy, layout_basic
D:2:      layout_loops_ring, minmay_crystal_room, uniq_natasha,
          uniq_crazy_yiuf_cottage, uniq_robin

Skill      XL: |  1 |
---------------+----+-----
Staves         | 2 |  2.9
Fighting       | |  3.7
Throwing       | |  0.1
Dodging        | |  0.3
Stealth        | |  1.1
Spellcasting   | |  1.2
Necromancy     | |  2.4
Evocations     | |  1.0

Action                   || total
-------------------------++-------
Melee: Quarterstaff      ||    60
Throw: Boomerang         ||     6
 Cast: Necrotise         ||    10
  Use: Potion            ||     3
 Stab: Sleeping          ||     1
Armor: Robe              ||    15
Dodge: Dodged            ||    68
